 Dungeon Crawl Stone Soup version 0.30-a0-782-ge64f9170bb (webtiles) character file.

Game seed: 8647707878078168096

3496 Martiln the Skirmisher (level 9, -3/86 HPs)
             Began as a Minotaur Hunter on Mar 10, 2023.
             Was a Follower of Dithmenos.
             Slain by a boulder beetle (18 damage)
             ... on level 7 of the Dungeon.
             The game lasted 01:15:21 (6450 turns).

Martiln the Skirmisher (Minotaur Hunter)            Turns: 6450, Time: 01:15:22

Health: -3/86      AC: 20    Str: 15    XL:     9   Next: 80%
Magic:  0/8        EV:  8    Int:  7    God:    Dithmenos [*.....]
Gold:   456        SH:  0    Dex: 20    Spells: 7/8 levels left

rFire   + + .      SeeInvis .    a - +0 shortbow
rCold   x . .      Faith    .    (shield currently unavailable)
rNeg    . . .      Spirit   +    M - +3 chain mail of Wariness {rF+ Stlth+}
rPois   .          Reflect  .    (helmet unavailable)
rElec   .          Harm     .    (no cloak)
rCorr   .          Rampage  .    K - +2 pair of gloves
Will    .....                    (no boots)
Stlth   +                        C - amulet of guardian spirit
HPRegen 0.34/turn                f - +4 ring of protection
MPRegen 0.11/turn                v - ring of fire

@: wreathed by umbra
A: horns 3, retaliatory headbutt, hooves 1, agile 1, robust 1
a: Renounce Religion


You were on level 7 of the Dungeon.
You worshipped Dithmenos.
Dithmenos was aware of your devotion.
You visited 2 branches of the dungeon, and saw 9 of its levels.

You collected 606 gold pieces.
You spent 150 gold pieces at shops.

Inventory:

Hand Weapons
 a - a +0 shortbow (weapon)
 p - the +9 hand axe of Lust {speed, rCorr}
   (You found it on level 3 of the Dungeon)

   rCorr:     It protects you from acid and corrosion.
 s - a +3 dagger of freezing
 z - a +3 antimagic flail
 E - a +4 quarterstaff of chaos
 F - a +2 battleaxe
 H - a +0 hand axe of electrocution
 L - a +3 halberd
Missiles
 c - 4 javelins
 h - 29 poisoned darts
 u - 73 stones
Armour
 d - a +2 ring mail
 K - a +2 pair of gloves (worn)
 M - the +3 chain mail of Wariness (worn) {rF+ Stlth+}
   (You found it on level 8 of the Dungeon)

   rF:        It protects you from fire.
   Stlth:     It makes you more stealthy.
Magical Staves
 k - a staff of death
Jewellery
 f - a +4 ring of protection (left hand)
 g - a ring of resist corrosion
 v - a ring of fire (right hand)
 x - an amulet of faith
 C - an amulet of guardian spirit (around neck)
Wands
 n - a wand of roots (12)
 q - a wand of acid (3)
 w - a wand of paralysis (5)
 y - a wand of flame (28)
 D - a wand of mindburst (7)
 I - a wand of digging (3)
Scrolls
 b - 3 scrolls of immolation
 i - a scroll of poison
 j - 3 scrolls of fear
 l - 3 scrolls of blinking
 m - 5 scrolls of teleportation
 r - 3 scrolls of identify
 B - a scroll of silence
 J - a scroll of amnesia
Potions
 e - 2 potions of haste
 o - 3 potions of curing
 t - 4 potions of attraction
 A - a potion of ambrosia


   Skills:
 + Level 7.4 Fighting
 + Level 6.6 Axes
 + Level 10.8 Ranged Weapons
 + Level 6.1 Armour
 + Level 3.4 Dodging
 + Level 2.9 Stealth
 + Level 1.4 Evocations


You had 7 spell levels left.
You knew the following spells:

 Your Spells              Type           Power      Damage    Failure   Level
a - Magic Dart            Conj           0%         1d3       100%        1

Your spell library contained the following spells:

 Spells                   Type           Power      Damage    Failure   Level
 Call Imp                 Summ           0%         N/A       100%        2
 Lesser Beckoning         Tloc           0%         N/A       100%        2
 Dazzling Flash           Conj/Hex       0%         N/A       100%        3
 Gell's Gravitas          Tloc           0%         N/A       100%        3
 Mephitic Cloud           Conj/Pois/Air  0%         N/A       100%        3
 Teleport Other           Tloc           0%         N/A       100%        3
 Agony                    Necr           0%         N/A       100%        5
 Silence                  Hex/Air        0%         N/A       100%        5


Dungeon Overview and Level Annotations

Branches:
Dungeon (8/15)             Temple (1/1) D:7
   Lair: D:8-11

Altars:
Dithmenos
Fedhas
Gozag
Hepliaklqana
Kikubaaqudgha
Makhleb
Nemelex Xobeh
Okawaru
Qazlal
Sif Muna
Trog
Uskayaw
Vehumet
Wu Jian
Xom
Yredelemnul
Zin
The Shining One

Shops:
D:3 *


Innate Abilities, Weirdness & Mutations

You have a pair of large horns on your head.
You reflexively headbutt those who attack you in melee.
You have large cloven feet.
You are agile. (Dex +4, Str/Int -1)
You are robust. (+10% HP)


Message History

Press: ? - help, Q - select action, (/) - cycle Shift-Dir - straight line, f/p - boulder beetle
Aim: a boulder beetle (moderately wounded, umbra, chance to affect: 54%)
The boulder beetle's mind is blasted!
The boulder beetle bites you but does no damage.
Aiming: Throw Flame
Press: ? - help, Q - select action, (/) - cycle Shift-Dir - straight line, f/p - boulder beetle
Aim: a boulder beetle (heavily wounded, umbra, 100% to hit)
The puff of flame hits the boulder beetle but does no damage.
The boulder beetle is heavily wounded.
The boulder beetle bites you.
Okay, then.
You hit the boulder beetle but do no damage.
You kick the boulder beetle, but do no damage.
You headbutt the boulder beetle, but do no damage.
The boulder beetle is heavily wounded.
The boulder beetle bites you!
* * * LOW HITPOINT WARNING * * *
The boulder beetle curls into a ball and begins rolling!
The boulder beetle hits you but does no damage.
The boulder beetle stops rolling and uncurls.
The boulder beetle attacks as you move away!
The boulder beetle bites you.
* * * LOW HITPOINT WARNING * * *
You hit the boulder beetle but do no damage.
The boulder beetle is heavily wounded.
The boulder beetle leaps!
a - a +0 shortbow (weapon)
Fire: a) +0 shortbow
Press: ? - help, Q - select action, (/) - cycle Shift-Dir - straight line, f/p - boulder beetle
Aim: a boulder beetle (heavily wounded, 92% to hit)
You shoot an arrow.
The arrow hits the boulder beetle but does no damage.
The boulder beetle is heavily wounded.
The boulder beetle curls into a ball and begins rolling!
Aiming: Paralyse
Press: ? - help, Q - select action, (/) - cycle Shift-Dir - straight line, f/p - boulder beetle
Aim: a boulder beetle (heavily wounded, rolling, chance to affect: 35%)
The boulder beetle easily resists.
The boulder beetle hits you!!
You die...

#.##.## #.##.## #.##.##
#.##.##
#################..>...
#>....°.............###
##.#.##○#####.#.)###.###
#.###.#B#####..))....##.
##.#.##@##....))).#...#.
##.###.##.##.........'.
#.# #.##.##........##.
#.# #.............###.
#.######.######.#.# ##
#####.#.......# #.#.####
#...#.#.......# #.#.##..
#.....#.......# #.......
#...###.......#
##.......


You could see a boulder beetle (rolling).

Vanquished Creatures
  Maggie (D:8)
  Grinder (D:5)
  A shadow (D:7)
  A basilisk (D:7)
  Edmund (D:5)
  2 ice beasts
  A sky beast (D:7)
  3 black bears
  2 orc warriors (D:7)
  An ogre (D:4)
  A phantom (D:5)
  A kobold brigand (D:7)
  4 bullfrogs
  A necrophage (D:6)
  A scorpion (D:6)
  8 wights (D:8)
  3 hounds
  2 jellies
  A gnoll bouda (D:7)
  Crazy Yiuf (D:5)
  Jessica (D:2)
  3 iguanas
  Terence (D:3)
  9 orc wizards
  Ijyb (D:4)
  8 gnolls
  7 adders
  2 shadow imps
  2 ufetubi (D:5)
  3 worms
  3 dart slugs
  18 orcs
  4 ball pythons
  8 bats
  6 endoplasms
  A giant cockroach (D:3)
  8 hobgoblins
  5 jackals (D:1)
  6 quokkas
  A frilled lizard (D:1)
  11 goblins
  10 kobolds
  5 rats
160 creatures vanquished.

Notes
Turn   | Place    | Note
-------+----------+-------------------------------------------
     0 | D:1      | Martiln the Minotaur Hunter began the quest for the Orb.
     0 | D:1      | Reached XP level 1. HP: 18/18 MP: 0/0
   106 | D:1      | Reached XP level 2. HP: 25/25 MP: 1/1
   107 | D:1      | Reached skill level 5 in Ranged Weapons
   191 | D:1      | Reached skill level 1 in Armour
   212 | D:1      | Reached XP level 3. HP: 30/30 MP: 2/2
   886 | D:2      | Reached XP level 4. HP: 24/38 MP: 3/3
   905 | D:2      | Reached skill level 6 in Ranged Weapons
  1271 | D:2      | Noticed Jessica
  1275 | D:2      | Killed Jessica
  1276 | D:2      | Reached XP level 5. HP: 46/46 MP: 4/4
  1303 | D:3      | Found Piforram's General Store.
  1347 | D:3      | Identified the +9 hand axe of Lust {speed, rCorr}
  1396 | D:3      | Gained mutation: You have large cloven feet. [potion of
                  | mutation]
  1396 | D:3      | Gained mutation: You are robust. (+10% HP) [potion of
                  | mutation]
  1396 | D:3      | Gained mutation: You have a pair of large horns on your
                  | head. [potion of mutation]
  1396 | D:3      | Gained mutation: You are agile. (Dex +4, Str/Int -1)
                  | [potion of mutation]
  1400 | D:3      | Learned a level 1 spell: Magic Dart
  1423 | D:3      | Noticed Terence
  1430 | D:3      | Killed Terence
  2126 | D:3      | Bought a scroll of enchant armour for 75 gold pieces
  2126 | D:3      | Bought a scroll of magic mapping for 75 gold pieces
  2433 | D:4      | Noticed an ogre
  2435 | D:4      | Noticed Ijyb
  2442 | D:4      | Killed an ogre
  2443 | D:4      | Reached skill level 7 in Ranged Weapons
  2443 | D:4      | Reached XP level 6. HP: 42/57 MP: 5/5
  2448 | D:4      | Killed Ijyb
  2449 | D:4      | Reached skill level 1 in Axes
  3063 | D:5      | Entered Level 5 of the Dungeon
  3063 | D:5      | Noticed Grinder
  3071 | D:5      | Killed Grinder
  3072 | D:5      | Reached skill level 1 in Stealth
  3072 | D:5      | Reached XP level 7. HP: 57/66 MP: 6/6
  3112 | D:5      | Noticed Edmund
  3128 | D:5      | Killed Edmund
  3129 | D:5      | Reached skill level 5 in Fighting
  3209 | D:5      | Reached skill level 8 in Ranged Weapons
  3269 | D:5      | Found an ancient bone altar of Kikubaaqudgha.
  3453 | D:5      | Found a runed translucent door.
  3454 | D:5      | Noticed Crazy Yiuf
  3530 | D:5      | Reached XP level 8. HP: 74/74 MP: 7/7
  3616 | D:5      | Found a burning altar of Makhleb.
  3721 | D:5      | Killed Crazy Yiuf
  4258 | D:6      | Reached skill level 9 in Ranged Weapons
  4400 | D:6      | Reached skill level 5 in Armour
  4699 | D:7      | Found a staircase to the Ecumenical Temple.
  4705 | Temple   | Entered the Ecumenical Temple
  4934 | Temple   | Became a worshipper of Dithmenos the Shadowed
  5035 | D:7      | Reached skill level 5 in Axes
  5149 | D:7      | Reached XP level 9. HP: 82/82 MP: 8/8
  5164 | D:7      | Found an iron altar of Okawaru.
  5291 | D:7      | Reached skill level 10 in Ranged Weapons
  5760 | D:7      | Found a glowing silver altar of Zin.
  5959 | D:8      | Reached skill level 1 in Evocations
  6038 | D:8      | Reached * piety under Dithmenos
  6288 | D:8      | Noticed Maggie
  6299 | D:8      | Killed Maggie
  6308 | D:8      | Identified the +3 chain mail of Wariness {rF+ Stlth+}
  6353 | D:8      | Identified the +2 leather armour of Worev {Will+++ Str+3
                  | Int-4 Dex+3}
  6409 | D:8      | Noticed a boulder beetle
  6450 | D:7      | Slain by a boulder beetle

Illustrated notes

Levels and vault maps discovered:
D:1:      minmay_arrival_hallway, layout_basic, chequers_serial_rivers_micro_b
D:2:      layout_basic, uniq_jessica
D:3:      layout_basic, serial_shops, nicolae_shop_hallway_stairs, fountainhead,
          minmay_misc_feat_room, uniq_terence
D:4:      layout_basic, nrook_mini_vaults, serial_bayou_pond_e,
          minmay_goblin_outpost, uniq_ijyb
D:5:      layout_cave_pools, mainiacjoe_overflow_small_starburst,
          kennysheep_mini_moat, uniq_grinder, uniq_edmund,
          uniq_crazy_yiuf_cottage
D:6:      layout_loops_ring, hangedman_decor_push
D:7:      layout_loops_cross, zin_treasury, marbit_many_paths,
          minmay_temple_entry_hall
D:8:      layout_rooms, gammafunk_temple_overflow_statue, uniq_maggie
Temple:   eino_narrow_crystal_temple

Skill      XL: |  1  2  3  4  5  6  7  8  9 |
---------------+----------------------------+-----
Ranged Weapons | 5 6 7 8 9 10 | 10.8
Armour         | 1 2 3 5 6 |  6.1
Fighting       | 3 4 5 6 7 |  7.4
Axes           | 2 4 5 6 |  6.6
Stealth        | 1 2 |  2.9
Dodging        | 3 |  3.4
Evocations     | 1 |  1.4

Action                     |  1- 3 |  4- 6 |  7- 9 || total
---------------------------+-------+-------+-------++-------
  Melee: Hand axe          |       |    23 |   108 ||   131
         Kick              |       |     7 |    34 ||    41
         Headbutt          |       |     6 |    29 ||    35
         Punch             |       |       |     2 ||     2
         Quarterstaff      |       |       |     4 ||     4
         Flail             |       |       |    10 ||    10
   Fire: Shortbow          |   117 |    96 |   148 ||   361
  Evoke: Wand              |       |       |    16 ||    16
    Use: Scroll            |     6 |     3 |     5 ||    14
         Potion            |     2 |     7 |     4 ||    13
   Stab: Paralysed         |       |       |     8 ||     8
 Armour: Ring mail         |    37 |    22 |    48 ||   107
         Chain mail        |       |       |    21 ||    21
  Dodge: Dodged            |    42 |    37 |    57 ||   136

Table legend: (Time is in decaauts)
 A = Elapsed time spent in this place.
 B = Non-inter-level travel time spent in this place.
 C = Inter-level travel time spent in this place.
 D = Time resting spent in this place.
 E = Time spent auto-exploring this place.
 F = Levels seen in this place.
 G = Mean time per level.
                   A        B        C        D        E       F      G
               +--------+--------+--------+--------+--------+-----+--------+
         Total |   6471 |   5307 |   1164 |    947 |   3243 |   9 |  719.0 |
       Dungeon |   6226 |   5290 |    936 |    947 |   3243 |   8 |  778.2 |
        Temple |    244 |     16 |    228 |      0 |      0 |   1 |  244.0 |
               +--------+--------+--------+--------+--------+-----+--------+

Top non-repeatable levels by time:
     D:7: 1144 daAuts
     D:4: 903 daAuts
     D:3: 873 daAuts
     D:6: 756 daAuts
     D:5: 722 daAuts
     D:2: 706 daAuts
     D:1: 646 daAuts
     D:8: 473 daAuts
  Temple: 244 daAuts
